BR (22 & UNDER)
PUEBLO PRAIRIE DOGS @ PALMYRA OVERLORDS
08/23/2028
 
TOP OF THE 1ST
Pueblo Prairie Dogs batting - Pitching for Palmyra Overlords : RHP Jack Bass
Pitching: RHP Jack Bass
Batting: RHB Steve Murphy 0-0: Foul Ball, location: 2F
0-1: Ball
1-1: Ball
2-1: Swinging Strike
2-2: Strikes out swinging
Batting: RHB Dan Crowder 0-0: Ball
1-0: SINGLE (Flyball, 7S)
Batting: SHB Pancho Morán 0-0: Ball
1-0: Ball
2-0: DOUBLE (Line Drive, 7LS)
Dan Crowder to third
Batting: RHB José Zumaya 0-0: Ball
1-0: Ball
2-0: Foul Ball, location: 2F
2-1: Swinging Strike
2-2: Ground out 4-3 (Groundball, 4M)
Dan Crowder scores
Pancho Morán to third
Batting: RHB David Adams 0-0: Ball
1-0: Foul Ball, location: 2F
1-1: Fly out, F8 (Flyball, 8RS)
Top of the 1st over - 1 run(s), 2 hit(s), 0 error(s), 1 left on base; Pueblo 1 - Palmyra 0
BOTTOM OF THE 1ST
Palmyra Overlords batting - Pitching for Pueblo Prairie Dogs : LHP Leonard Simmons
Pitching: LHP Leonard Simmons
Batting: RHB Mason Melton 0-0: Ball
1-0: Foul Ball, location: 2F
1-1: Foul Ball, location: 2F
1-2: Strikes out swinging
Batting: LHB Mauro López 0-0: SINGLE (Groundball, 34D)
Batting: RHB David Gómez 0-0: Ball
1-0: Foul Ball, location: 2F
1-1: Foul Ball, location: 2F
1-2: Ball
2-2: SINGLE (Groundball, 6MD)
Mauro López to second
Runner from 2nd tries for 3rd, SAFE, no throw
Batting: RHB José Acuña 0-0: Ball
David Gómez steals 2nd base
1-0: Ball
2-0: Ball
3-0: Base on Balls
Batting: LHB Jerry Tolbert 0-0: Ball
1-0: Foul Ball, location: 2F
1-1: Ball
2-1: Fly out, F7 (Flyball, 78M)
Runner from 3rd tags up, SCORES, no throw
Batting: LHB Ernesto Rivera 0-0: Foul Ball, location: 2F
0-1: Ball
1-1: Ball
2-1: Foul Ball, location: 2F
2-2: Fielders Choice at 2nd, 4-6 (Groundball, 4)
Bottom of the 1st over - 1 run(s), 2 hit(s), 0 error(s), 1 left on base; Pueblo 1 - Palmyra 1
TOP OF THE 2ND
Pueblo Prairie Dogs batting - Pitching for Palmyra Overlords : RHP Jack Bass
Batting: RHB Clancy Castro 0-0: Foul Ball, location: 2F
0-1: Ball
1-1: Ball
2-1: Called Strike
2-2: Fly out, F8 (Flyball, 8LM)
Batting: RHB Manny Herrera 0-0: Foul Ball, location: 2F
0-1: Ball
1-1: Ball
2-1: Swinging Strike
2-2: Strikes out looking
Batting: RHB Eric Barthorpe 0-0: Fly out, F9 (Line Drive, 9)
Top of the 2nd over - 0 run(s), 0 hit(s), 0 error(s), 0 left on base; Pueblo 1 - Palmyra 1
BOTTOM OF THE 2ND
Palmyra Overlords batting - Pitching for Pueblo Prairie Dogs : LHP Leonard Simmons
Batting: RHB José Gonzáles 0-0: Called Strike
0-1: Ball
1-1: Foul Ball, location: 2F
1-2: Ball
2-2: Strikes out swinging
Batting: LHB Jaime Flores 0-0: Ball
1-0: Swinging Strike
1-1: Called Strike
1-2: Strikes out swinging
Batting: RHB Marius Letizi 0-0: Ball
1-0: Ball
2-0: Fly out, F9 (Line Drive, 9)
Bottom of the 2nd over - 0 run(s), 0 hit(s), 0 error(s), 0 left on base; Pueblo 1 - Palmyra 1
TOP OF THE 3RD
Pueblo Prairie Dogs batting - Pitching for Palmyra Overlords : RHP Jack Bass
Batting: LHB Peter Rodgers 0-0: Ball
1-0: Bunt for hit - play at first, batter OUT! 1-3
Batting: RHB Steve Murphy 0-0: SINGLE (Groundball, 4MD)
Batting: RHB Dan Crowder 0-0: Called Strike
Steve Murphy steals 2nd base
0-1: Ball
1-1: Ball
2-1: Foul Ball, location: 2F
2-2: Strikes out swinging
Batting: SHB Pancho Morán 0-0: Swinging Strike
0-1: Ball
1-1: Called Strike
1-2: Ball
2-2: Strikes out swinging
Top of the 3rd over - 0 run(s), 1 hit(s), 0 error(s), 1 left on base; Pueblo 1 - Palmyra 1
BOTTOM OF THE 3RD
Palmyra Overlords batting - Pitching for Pueblo Prairie Dogs : LHP Leonard Simmons
Batting: RHB Mason Melton 0-0: Foul Ball, location: 2F
0-1: Ball
1-1: Called Strike
1-2: DOUBLE (Flyball, 8RD)
Batting: LHB Mauro López 0-0: Called Strike
0-1: Ball
1-1: Ground out 4-3 (Groundball, 4)
Mason Melton to third
Batting: RHB David Gómez 0-0: Called Strike
0-1: Ball
1-1: Ball
2-1: Called Strike
2-2: Ground out 5-3 (Groundball, 5)
Batting: RHB José Acuña 0-0: Ball
1-0: Ground out 6-3 (Groundball, 6)
Bottom of the 3rd over - 0 run(s), 1 hit(s), 0 error(s), 1 left on base; Pueblo 1 - Palmyra 1
TOP OF THE 4TH
Pueblo Prairie Dogs batting - Pitching for Palmyra Overlords : RHP Jack Bass
Batting: RHB José Zumaya 0-0: Ball
1-0: Reached on error, E5 (Groundball, 5L)
Batting: RHB David Adams 0-0: Called Strike
0-1: Ball
1-1: Called Strike
1-2: Reached on error, E5 (Groundball, 5S)
José Zumaya to second
Batting: RHB Clancy Castro 0-0: DOUBLE (Flyball, 7D)
José Zumaya scores
David Adams to third
Batting: RHB Manny Herrera 0-0: Ball
1-0: Reached on error, E6 (Groundball, 6)
David Adams scores
Clancy Castro to third
Batting: RHB Eric Barthorpe 0-0: Called Strike
0-1: Called Strike
0-2: Ball
1-2: Fielders Choice at 2nd, 5-4 (Groundball, 5L)
Clancy Castro scores
Batting: LHB Peter Rodgers 0-0: Ball
1-0: Called Strike
1-1: Foul Ball, location: 2F
1-2: Strikes out swinging
Pitching: RHP Conrad Wilkinson
Batting: RHB Steve Murphy 0-0: Called Strike
0-1: Foul Ball, location: 2F
0-2: Fly out, F8 (Line Drive, 8LM)
Top of the 4th over - 3 run(s), 1 hit(s), 3 error(s), 1 left on base; Pueblo 4 - Palmyra 1
BOTTOM OF THE 4TH
Palmyra Overlords batting - Pitching for Pueblo Prairie Dogs : LHP Leonard Simmons
Batting: LHB Jerry Tolbert 0-0: Foul Ball, location: 2F
0-1: Called Strike
0-2: Strikes out looking
Batting: LHB Ernesto Rivera 0-0: Ball
1-0: Called Strike
1-1: Ball
2-1: Foul Ball, location: 2F
2-2: Strikes out swinging
Batting: RHB José Gonzáles 0-0: Ball
1-0: Called Strike
1-1: Ball
2-1: Called Strike
2-2: Hit by Pitch
Batting: LHB Jaime Flores 0-0: Foul Ball, location: 2F
0-1: Ball
1-1: Foul Ball, location: 2F
1-2: Ball
2-2: Fielders Choice at 2nd, 4-6 (Groundball, 4)
Bottom of the 4th over - 0 run(s), 0 hit(s), 0 error(s), 0 left on base; Pueblo 4 - Palmyra 1
TOP OF THE 5TH
Pueblo Prairie Dogs batting - Pitching for Palmyra Overlords : RHP Conrad Wilkinson
Batting: RHB Dan Crowder 0-0: Called Strike
0-1: Foul Ball, location: 2F
0-2: Foul Ball, location: 2F
0-2: Strikes out looking
Batting: SHB Pancho Morán 0-0: Foul Ball, location: 2F
0-1: Swinging Strike
0-2: Foul Ball, location: 2F
0-2: Strikes out looking
Batting: RHB José Zumaya 0-0: Called Strike
0-1: Fly out, F9 (Flyball, 89S)
Top of the 5th over - 0 run(s), 0 hit(s), 0 error(s), 0 left on base; Pueblo 4 - Palmyra 1
BOTTOM OF THE 5TH
Palmyra Overlords batting - Pitching for Pueblo Prairie Dogs : LHP Leonard Simmons
Batting: RHB Marius Letizi 0-0: Ball
1-0: Called Strike
1-1: Ball
2-1: Swinging Strike
2-2: Strikes out looking
Batting: RHB Mason Melton 0-0: Foul Ball, location: 2F
0-1: Swinging Strike
0-2: Strikes out swinging
Batting: LHB Mauro López 0-0: Ball
1-0: Foul Ball, location: 2F
1-1: Ball
2-1: DOUBLE (Flyball, 7LM)
Batting: RHB David Gómez 0-0: Called Strike
0-1: Ball
1-1: Ball
2-1: Foul Ball, location: 2F
2-2: Foul Ball, location: 2F
2-2: Ball
3-2: Foul Ball, location: 2F
3-2: Base on Balls
Pitching: RHP Dante Piccoli
Batting: RHB José Acuña 0-0: Ball
1-0: Fielders Choice at 2nd, 4-6 (Groundball, 4)
Bottom of the 5th over - 0 run(s), 1 hit(s), 0 error(s), 1 left on base; Pueblo 4 - Palmyra 1
TOP OF THE 6TH
Pueblo Prairie Dogs batting - Pitching for Palmyra Overlords : RHP Conrad Wilkinson
Batting: RHB David Adams 0-0: Ground out 5-3 (Groundball, 56)
Batting: RHB Clancy Castro 0-0: Ball
1-0: Ball
2-0: Called Strike
2-1: Ground out 4-3 (Groundball, 4M)
Batting: RHB Manny Herrera 0-0: Ball
1-0: Foul Ball, location: 2F
1-1: Foul Ball, location: 2F
1-2: Ball
2-2: Strikes out looking
Top of the 6th over - 0 run(s), 0 hit(s), 0 error(s), 0 left on base; Pueblo 4 - Palmyra 1
BOTTOM OF THE 6TH
Palmyra Overlords batting - Pitching for Pueblo Prairie Dogs : RHP Dante Piccoli
Batting: LHB Jerry Tolbert 0-0: Ball
1-0: Called Strike
1-1: Foul Ball, location: 2F
1-2: Ball
2-2: Fly out, F7 (Flyball, 7LS)
Batting: LHB Ernesto Rivera 0-0: Ball
1-0: Called Strike
1-1: Foul Ball, location: 2F
1-2: Ground out U3 (Groundball, 3L)
Batting: RHB José Gonzáles 0-0: Ball
1-0: Foul Ball, location: 2F
1-1: SINGLE (Groundball, 56D)
Batting: LHB Jaime Flores 0-0: Swinging Strike
0-1: DOUBLE (Flyball, 9LM)
José Gonzáles to third
Runner from 3rd tries for Home, throw and OUT!
Bottom of the 6th over - 0 run(s), 2 hit(s), 0 error(s), 1 left on base; Pueblo 4 - Palmyra 1
TOP OF THE 7TH
Pueblo Prairie Dogs batting - Pitching for Palmyra Overlords : RHP Conrad Wilkinson
Batting: RHB Eric Barthorpe 0-0: Ball
1-0: Swinging Strike
1-1: Ball
2-1: Swinging Strike
2-2: Ball
3-2: Strikes out swinging
Batting: LHB Peter Rodgers 0-0: Ball
1-0: Ground out 6-3 (Groundball, 56)
Batting: RHB Steve Murphy 0-0: Called Strike
0-1: Ball
1-1: Called Strike
1-2: Ball
2-2: Foul Ball, location: 2F
2-2: Ball
3-2: Ground out 5-3 (Groundball, 56S)
Top of the 7th over - 0 run(s), 0 hit(s), 0 error(s), 0 left on base; Pueblo 4 - Palmyra 1
BOTTOM OF THE 7TH
Palmyra Overlords batting - Pitching for Pueblo Prairie Dogs : RHP Dante Piccoli
Batting: RHB Marius Letizi 0-0: Called Strike
0-1: Ground out 4-3 (Groundball, 4)
Batting: RHB Mason Melton 0-0: Ground out 5-3 (Groundball, 5L)
Batting: LHB Mauro López 0-0: Called Strike
0-1: Ball
1-1: Foul Ball, location: 2F
1-2: Ball
2-2: Ball
3-2: Strikes out swinging
Bottom of the 7th over - 0 run(s), 0 hit(s), 0 error(s), 0 left on base; Pueblo 4 - Palmyra 1
TOP OF THE 8TH
Pueblo Prairie Dogs batting - Pitching for Palmyra Overlords : RHP Conrad Wilkinson
Pitching: RHP Michael Bane
Batting: RHB Dan Crowder 0-0: Called Strike
0-1: Ball
1-1: Swinging Strike
1-2: Ball
2-2: Ball
3-2: Foul Ball, location: 2F
3-2: DOUBLE (Line Drive, 7LM)
Batting: SHB Pancho Morán 0-0: Called Strike
0-1: Ball
1-1: Called Strike
1-2: Strikes out swinging
Batting: RHB José Zumaya 0-0: Intentional Walk
Batting: RHB David Adams 0-0: SINGLE (Line Drive, 9S)
Dan Crowder to third
José Zumaya to second
Batting: RHB Clancy Castro 0-0: Ball
1-0: Called Strike
1-1: Swinging Strike
1-2: Foul Ball, location: 2F
1-2: Foul Ball, location: 2F
1-2: Foul Ball, location: 2F
1-2: Ball
2-2: Strikes out swinging
Batting: RHB Manny Herrera 0-0: Ball
1-0: SINGLE (Line Drive, 78S)
Dan Crowder scores
José Zumaya to third
David Adams to second
Runner from 3rd tries for Home, SAFE, no throw
Pitching: RHP Sean Vázquez
Batting: RHB Eric Barthorpe 0-0: Ball
1-0: Ball
2-0: Ball
3-0: Foul Ball, location: 2F
3-1: Base on Balls
David Adams to third
Manny Herrera to second
Batting: LHB Peter Rodgers 0-0: Ball
1-0: Called Strike
1-1: Foul Ball, location: 2F
1-2: Ball
2-2: SINGLE (Line Drive, 6D)
David Adams scores
Manny Herrera to third
Eric Barthorpe to second
Batting: RHB Steve Murphy 0-0: Called Strike
0-1: Foul Ball, location: 2F
0-2: Ball
1-2: Foul Ball, location: 2F
1-2: Strikes out swinging
Top of the 8th over - 3 run(s), 4 hit(s), 0 error(s), 3 left on base; Pueblo 7 - Palmyra 1
BOTTOM OF THE 8TH
Palmyra Overlords batting - Pitching for Pueblo Prairie Dogs : RHP Dante Piccoli
Now in CF: Hunter Bond
Batting: RHB David Gómez 0-0: Ball
1-0: Ball
2-0: Ball
3-0: Base on Balls
Batting: RHB José Acuña 0-0: Foul Ball, location: 2F
0-1: Foul Ball, location: 2F
0-2: Ball
1-2: Strikes out looking
Batting: LHB Jerry Tolbert 0-0: Ball
1-0: Called Strike
1-1: Ball
2-1: Foul Ball, location: 2F
2-2: Fly out, F7 (Flyball, 7)
Batting: LHB Ernesto Rivera 0-0: Ball
1-0: SINGLE (Groundball, 56S) (infield hit)
David Gómez to second
Batting: RHB José Gonzáles 0-0: Ball
1-0: Called Strike
1-1: Ball
2-1: Ball
3-1: Base on Balls
David Gómez to third
Ernesto Rivera to second
Batting: LHB Jaime Flores 0-0: Called Strike
0-1: Ball
1-1: Foul Ball, location: 2F
1-2: Ball
2-2: Fly out, F8 (Flyball, 8RM)
Bottom of the 8th over - 0 run(s), 1 hit(s), 0 error(s), 3 left on base; Pueblo 7 - Palmyra 1
TOP OF THE 9TH
Pueblo Prairie Dogs batting - Pitching for Palmyra Overlords : RHP Sean Vázquez
Batting: RHB Dan Crowder 0-0: Called Strike
0-1: Ball
1-1: Ball
2-1: Called Strike
2-2: Ball
3-2: DOUBLE (Line Drive, 7LM)
Batting: SHB Pancho Morán 0-0: Ball
1-0: Foul Ball, location: 2F
1-1: Ball
2-1: Fly out, F7 (Flyball, 7LM)
Batting: RHB José Zumaya 0-0: Swinging Strike
0-1: Swinging Strike
0-2: Foul Ball, location: 2F
0-2: Reached on error, E6 (Groundball, 56)
Dan Crowder scores
Batting: RHB David Adams 0-0: Called Strike
0-1: Foul Ball, location: 2F
0-2: Ball
1-2: SINGLE (Line Drive, 34)
José Zumaya to third
Batting: RHB Clancy Castro 0-0: Called Strike
0-1: Swinging Strike
0-2: Ground out 6-3 (Groundball, 6S)
José Zumaya scores
David Adams to second
Pinch Hitting: RHB John Newman 0-0: Ball
Wild Pitch!
David Adams to third
1-0: Ground out 5-3 (Groundball, 56)
Top of the 9th over - 2 run(s), 2 hit(s), 1 error(s), 1 left on base; Pueblo 9 - Palmyra 1
BOTTOM OF THE 9TH
Palmyra Overlords batting - Pitching for Pueblo Prairie Dogs : RHP Dante Piccoli
Now at SS: John Newman
Now in RF: Jared Williamson
Batting: RHB Marius Letizi 0-0: Ball
1-0: Ball
2-0: Called Strike
2-1: Called Strike
2-2: Ball
3-2: Strikes out swinging
Pitching: RHP Cristo Balderas
Batting: RHB Mason Melton 0-0: Ball
1-0: Fly out, F7 (Flyball, 7S)
Batting: LHB Mauro López 0-0: Ball
1-0: Ball
2-0: Called Strike
2-1: Foul Ball, location: 2F
2-2: Strikes out looking
Bottom of the 9th over - 0 run(s), 0 hit(s), 0 error(s), 0 left on base; Pueblo 9 - Palmyra 1
Tuesday, August 8th, 2017 - OOTP Baseball 17.12 Build 75